[Event "Romanian Championship 2024"]
[Site "Eforie Nord"]
[Date "2024.02.28"]
[Round "6.14"]
[White "Ciocani, Iosif"]
[Black "Stoleriu, George"]
[Result "0-1"]
[ECO "C02"]
[WhiteElo "2063"]
[BlackElo "2391"]
[Annotator "RC"]
[PlyCount "100"]
[EventDate "2024.02.24"]
[EventType "swiss"]
[EventCountry "ROU"]
[SourceTitle "playchess.com"]
[Source "ChessBase"]
[SourceQuality "1"]
[TimeControl "40/5400+30:900+30"]

1. e4 e6 2. d4 d5 3. e5 c5 4. c3 Nc6 5. Nf3 Qb6 6. Be2 cxd4 7. cxd4 Nh6 8. Bxh6 Qxb2 9. Nbd2 gxh6 10. O-O Nxd4 11. Rb1 Nxe2+ 12. Qxe2 Qa3 13. Nd4 a6 14. Rfc1 Bd7 15. Rc7 Rc8 16. Rcxb7 Bg7 17. Nf1 Qc3 18. Rd1 Rc7 19. Rb3 Qc4 20. Qh5 O-O 21. Ne3 Qc5 22. Ng4 Kh8 23. Rbd3 Qc1 24. h4 Qf4 25. Rf3 Qe4 26. Nxh6 Ba4 27. Nb3 Qxe5 28. Nxf7+ Rcxf7 29. Qxf7 Rxf7 30. Rxf7 Qh5 31. Rf3 Qxh4 32. Rc1 Be5 33. g3 Qh5 34. Re3 d4 35. Re4 Bxb3 36. axb3 Qf5 37. Rce1 d3 38. Rxe5 d2 39. Rxe6 Qxe6 40. Rxe6 d1=Q+ 41. Kh2 Qf1 42. Rf6 Kg7 43. Rf4 a5 44. Rf5 Kg6 45. Rxa5 Qxf2+ 46. Kh3 Qe1 47. Ra4 Qh1+ 48. Kg4 h5+ 49. Kf4 Qf1+ 50. Ke3 Qg2 0-1

[Event "Romanian Championship 2024"]
[Site "Eforie Nord"]
[Date "2024.02.28"]
[Round "6.15"]
[White "Negrean, Andrei"]
[Black "Ciorgovean, Iustin"]
[Result "1/2-1/2"]
[ECO "E62"]
[WhiteElo "1990"]
[BlackElo "2310"]
[Annotator "TA"]
[PlyCount "132"]
[EventDate "2024.02.24"]
[EventType "swiss"]
[EventCountry "ROU"]
[SourceTitle "playchess.com"]
[Source "ChessBase"]
[SourceQuality "1"]
[TimeControl "40/5400+30:900+30"]

1. Nf3 Nf6 2. c4 g6 3. g3 Bg7 4. Bg2 O-O 5. O-O d6 6. d4 Bf5 7. b3 c6 8. Bb2 a5 9. Nc3 Ne4 10. Rc1 Nxc3 11. Bxc3 Be4 12. e3 b5 13. Qe2 (13. Bh3 $14) 13... b4 $11 14. Bb2 Qc8 15. Rfd1 a4 16. Bf1 c5 17. Ng5 Bb7 18. d5 Bxb2 19. Qxb2 Qf5 20. f4 Nd7 21. Bh3 Qf6 22. Qe2 axb3 23. axb3 Nb6 24. e4 Ra3 (24... Bc8 $11 {scheint genauer.}) 25. e5 $14 Qg7 (25... dxe5 26. Ne4 Qg7 27. Nxc5 $16) 26. exd6 (26. Rb1 {vereinfacht} Bc8 27. Bxc8 Rxc8 28. exd6 exd6 29. Rf1) 26... exd6 27. Qe7 {[%emt 0:00:39] [#]} (27. Ne4 {vereinfacht} Rd8 28. Rb1 Bc8 29. Bxc8 Nxc8 30. g4) 27... Ra2 $1 28. Nf3 $2 {[%emt 0:03:35] [#]} (28. Qxb7 {ist ein Selbstmatt.} Qb2) (28. Nxf7 $11 {und Weiss muss sich keine Sorgen machen.} Bc8 (28... Qxf7 $2 29. Be6 $18) 29. Be6 (29. Qxd6 $2 Rxf7 30. g4 Qb2 $19) 29... Bxe6 30. dxe6) (28. Ne6 fxe6) 28... Qb2 $1 $19 29. Qe3 {[%emt 0:00:23] Pariert Qf2+.} Bc8 30. Rb1 $2 (30. Bf1) 30... Qc3 31. Rd3 Qc2 32. Rc1 Qb2 33. Bf1 Bg4 $2 (33... Bf5 $19 {bietet bessere Gewinnchancen.} 34. Rdd1 Kg7 (34... Bc2 $2 35. Re1 $19)) 34. Qd2 (34. Rcd1 $17) 34... Qxd2 35. Rxd2 Rfa8 36. Rxa2 $1 Rxa2 37. Ng5 Bf5 {[%emt 0:00:00] Gegen Ne4 gerichtet.} 38. Re1 h6 39. Ne4 Bxe4 40. Rxe4 $17 {[%emt 0:00:00][%mdl 4096] Endspiel. KRB-KRN} Kf8 {[%emt 0:00:00] Pariert Re8+. ...Ra3 wäre nun fies.} 41. Re2 Ra1 42. Rb2 (42. Kf2 $15) 42... g5 43. Kg2 Nc8 (43... Kg7 $17 44. Be2 gxf4) 44. Bd3 {[%emt 0:03:22] [#]} (44. fxg5 $1 $11 {hält das Gleichgewicht.} hxg5 45. Kf2) 44... Ne7 (44... gxf4 $1 $17 45. gxf4 Kg7) 45. Bb1 (45. fxg5 $11 hxg5 46. Re2) 45... Kg7 ({Vorzuziehen ist} 45... g4 $17 46. h3 h5) 46. Kf3 $11 gxf4 47. gxf4 (47. Kxf4 $11 {und Weiss steht sicher.} Ng8 48. h3) 47... h5 $19 48. Kg3 Kf6 49. Kh4 {[%emt 0:00:46] [#]} Nf5+ $1 50. Bxf5 Kxf5 51. Kxh5 $17 {[%emt 0:00:12] KR-KR} Rf1 $2 (51... Kxf4 $17 {Droht stark ...Ke5.} 52. Rf2+ Ke4) 52. h4 $11 {[%emt 0:00:50] Die Stellung ist ausgeglichen.} Kxf4 {[%emt 0:01:25] Weiss muss nun ...Rg1 beachten.} 53. Kh6 $1 Ke3 {[%emt 0:01:15] ...Rg1 ist eine echte Drohung.} 54. Kg7 Rh1 {[%emt 0:03:00] Verhindert Rh2} 55. Kxf7 Rxh4 56. Ke7 $1 Kd4 57. Rg2 Rh6 58. Rg3 Ke4 59. Kd7 Kf4 60. Rg1 Ke5 61. Kc6 Rh3 62. Rg5+ Kf6 $1 63. Rg8 (63. Rg1 $5 Ke5 $8 64. Rg5+ Kf6 65. Rg1 Ke5 $11) 63... Ke5 64. Rg5+ Kf6 $1 65. Rg8 (65. Rg1 $5 Ke5 $8 66. Re1+ Kd4 67. Rd1+ (67. Kxd6 Rxb3 68. Kc6 Rd3 $11) 67... Ke5 68. Re1+ Kd4 69. Rd1+ (69. Kxd6 Rxb3 70. Kc6 Rd3 $11) 69... Ke5 70. Rb1 $11) 65... Ke5 66. Rg5+ Kf6 $1 {Gewichteter Fehlerwert: Weiß=0.26 (präzise) /Schwarz=0.22 (präzise) .  Verlustzug:     	Weiß=1     	---        Gewinn verpasst:   	---       	Schwarz=1     Fehler:       	Weiß=7     	Schwarz=5     Ungenau:       	Weiß=1     	Schwarz=2     OK:         	Weiß=20    	Schwarz=19    Bester:       	Weiß=4     	Schwarz=4     Stark:        	Weiß=3     	Schwarz=5} 1/2-1/2

[Event "Romanian Championship 2024"]
[Site "Eforie Nord"]
[Date "2024.02.28"]
[Round "6.16"]
[White "Daianu, Cristian-Clement"]
[Black "Buzbuchi, Ionut"]
[Result "1-0"]
[ECO "B35"]
[WhiteElo "2201"]
[BlackElo "2039"]
[Annotator "RC"]
[PlyCount "61"]
[EventDate "2024.02.24"]
[EventType "swiss"]
[EventCountry "ROU"]
[SourceTitle "playchess.com"]
[Source "ChessBase"]
[SourceQuality "1"]
[TimeControl "40/5400+30:900+30"]

1. e4 c5 2. Nf3 Nc6 3. d4 cxd4 4. Nxd4 Nf6 5. Nc3 g6 6. Be3 Bg7 7. Bc4 O-O 8. Bb3 Ng4 9. Qxg4 Nxd4 10. Qh4 d6 11. O-O Nxb3 12. axb3 Be6 13. Bh6 a6 14. f4 Bxh6 15. Qxh6 f5 16. Rae1 Rc8 17. h4 Rf7 18. g4 Bd7 19. exf5 gxf5 20. g5 Qb6+ 21. Kh2 Qd4 22. Rd1 Qb4 23. Rf2 Rxc3 24. bxc3 Qxc3 25. g6 hxg6 26. Rg1 Rg7 27. Rxg6 Rxg6 28. Qxg6+ Kf8 29. Rg2 Qh8 30. h5 e6 31. h6 1-0

[Event "Romanian Championship 2024"]
[Site "Eforie Nord"]
[Date "2024.02.28"]
[Round "6.17"]
[White "Vedmediuc, Artiom"]
[Black "Maximov, Oleg"]
[Result "0-1"]
[ECO "B27"]
[WhiteElo "2034"]
[BlackElo "2186"]
[Annotator "RC"]
[PlyCount "92"]
[EventDate "2024.02.24"]
[EventType "swiss"]
[EventCountry "ROU"]
[SourceTitle "playchess.com"]
[Source "ChessBase"]
[SourceQuality "1"]
[TimeControl "40/5400+30:900+30"]

1. e4 c5 2. Nf3 g6 3. c3 Bg7 4. d4 cxd4 5. cxd4 d5 6. e5 Bg4 7. Bb5+ Nd7 8. O-O a6 9. Be2 e6 10. Nbd2 Rc8 11. Nb3 Ne7 12. Bg5 h6 13. Bxe7 Qxe7 14. Ne1 Bxe2 15. Qxe2 O-O 16. Nd3 Rc4 17. Rac1 b6 18. Rc2 Rfc8 19. Rfc1 a5 20. Rxc4 Rxc4 21. Qe3 h5 22. a3 Nb8 23. h3 Qc7 24. Rd1 Nc6 25. Ne1 Ne7 26. g4 hxg4 27. hxg4 a4 28. Nc1 Nc6 29. Ne2 Na5 30. Nc3 Nb3 31. Nxa4 Rxa4 32. Qxb3 Rc4 33. Nf3 Qc6 34. Kg2 b5 35. Rh1 Rc2 36. Ng5 Rc4 37. Qf3 Qc7 38. Qf4 Bxe5 39. Qxe5 Qxe5 40. dxe5 Rxg4+ 41. Kf3 Rxg5 42. Rc1 Rf5+ 43. Kg3 Rxe5 44. Rc5 b4 45. a4 Re2 46. b3 Rb2 0-1

[Event "Romanian Championship 2024"]
[Site "Eforie Nord"]
[Date "2024.02.28"]
[Round "6.18"]
[White "Nastore, Pavel-Alexandru"]
[Black "Samu, Sorin-Mihai"]
[Result "1-0"]
[ECO "B07"]
[WhiteElo "2182"]
[BlackElo "2004"]
[Annotator "RC"]
[PlyCount "107"]
[EventDate "2024.02.24"]
[EventType "swiss"]
[EventCountry "ROU"]
[SourceTitle "playchess.com"]
[Source "ChessBase"]
[SourceQuality "1"]
[TimeControl "40/5400+30:900+30"]

1. e4 d6 2. d4 Nf6 3. Nc3 c6 4. Nf3 Bg4 5. Be2 Bxf3 6. Bxf3 Nbd7 7. O-O e5 8. a4 Be7 9. Be3 O-O 10. Qd2 Re8 11. Rfe1 Qc7 12. Rad1 Nf8 13. Be2 Ng6 14. h3 a6 15. d5 h6 16. g3 Bf8 17. Ra1 Rac8 18. dxc6 Qxc6 19. Bf3 Be7 20. a5 Bd8 21. Ra4 Qd7 22. Rea1 Qxh3 23. Bg2 Qd7 24. Qd3 Ne7 25. b4 Qc6 26. Bd2 Ng6 27. R1a2 Nf8 28. b5 axb5 29. Nxb5 Ne6 30. Be3 Nc5 31. Bxc5 Qxc5 32. Nxd6 b5 33. Nxb5 Ng4 34. c4 Bg5 35. Qd6 Be3 36. Qxc5 Bxc5 37. Bh3 f5 38. a6 Red8 39. Bxg4 fxg4 40. a7 Rd1+ 41. Kg2 Bxa7 42. Nxa7 Rc5 43. Nb5 Rc1 44. Nd6 Rd1 45. Nf5 Rd7 46. Ra8+ Kh7 47. R8a7 Rcc7 48. Rxc7 Rxc7 49. Ne3 h5 50. Ra5 Re7 51. c5 g5 52. c6 Rc7 53. Rc5 h4 54. Nxg4 1-0

[Event "Romanian Championship 2024"]
[Site "Eforie Nord"]
[Date "2024.02.28"]
[Round "6.19"]
[White "Pisu, Robert-Daniel"]
[Black "Melinte, Rares-Andrei"]
[Result "0-1"]
[ECO "E73"]
[WhiteElo "2154"]
[BlackElo "1989"]
[Annotator "RC"]
[PlyCount "82"]
[EventDate "2024.02.24"]
[EventType "swiss"]
[EventCountry "ROU"]
[SourceTitle "playchess.com"]
[Source "ChessBase"]
[SourceQuality "1"]
[TimeControl "40/5400+30:900+30"]

1. d4 Nf6 2. c4 g6 3. Nc3 Bg7 4. e4 d6 5. Be2 O-O 6. Be3 Na6 7. g4 e5 8. d5 Nc5 9. Bf3 c6 10. g5 Ne8 11. h4 cxd5 12. cxd5 a5 13. h5 b5 14. a3 a4 15. Nge2 Nb3 16. Rb1 f5 17. h6 Bh8 18. Nxb5 Ba6 19. Nbc3 f4 20. Bd2 Bd3 21. Nxa4 Nxd2 22. Kxd2 Bxb1 23. Nac3 Qxg5 24. Qxb1 Nc7 25. a4 Rfb8 26. b4 Na6 27. b5 Nc5 28. Qb4 Bf6 29. Nc1 Bd8 30. Nb3 Nxb3+ 31. Qxb3 Ba5 32. Kd3 Bxc3 33. Kxc3 Qd8 34. Qb4 Qc7+ 35. Kb2 Rc8 36. Qb3 Qc5 37. Bg4 Qd4+ 38. Kb1 Rc3 39. Be6+ Kf8 40. Rh3 Rxb3+ 41. Rxb3 Rxa4 0-1

[Event "Romanian Championship 2024"]
[Site "Eforie Nord"]
[Date "2024.02.28"]
[Round "6.20"]
[White "Costescu, Mihnea-Constantin"]
[Black "Coicev, Matei-Andrei"]
[Result "1-0"]
[ECO "B38"]
[WhiteElo "1944"]
[BlackElo "2122"]
[Annotator "RC"]
[PlyCount "87"]
[EventDate "2024.02.24"]
[EventType "swiss"]
[EventCountry "ROU"]
[SourceTitle "playchess.com"]
[Source "ChessBase"]
[SourceQuality "1"]
[TimeControl "40/5400+30:900+30"]

1. Nf3 Nf6 2. c4 g6 3. Nc3 c5 4. d4 cxd4 5. Nxd4 Bg7 6. e4 d6 7. Be2 O-O 8. O-O Nc6 9. Be3 Nxd4 10. Bxd4 Nd7 11. Bxg7 Kxg7 12. Bg4 Nc5 13. b3 Qa5 14. Rc1 Bxg4 15. Qxg4 a6 16. Qe2 b5 17. Nd5 Qd8 18. b4 Nd7 19. cxb5 axb5 20. Nc7 Ra4 21. a3 Nf6 22. Rfd1 Qb8 23. Nxb5 Qb6 24. e5 dxe5 25. Qxe5 Kg8 26. h3 Rb8 27. Qxe7 Re8 28. Qc5 Qb8 29. Nc7 Re2 30. Qc6 Ne4 31. Qxa4 Qb6 32. Qe8+ Kg7 33. Qe5+ Kh6 34. Qd4 Re1+ 35. Kh2 Qxd4 36. Rxd4 Rxc1 37. Rxe4 Rxc7 38. a4 Kg5 39. Re5+ Kf6 40. Rb5 Ke6 41. Kg3 Rc3+ 42. f3 Kd6 43. a5 Ra3 44. Rb7 1-0

[Event "Romanian Championship 2024"]
[Site "Eforie Nord"]
[Date "2024.02.28"]
[Round "6.21"]
[White "Dodoi, Matei-Teodor"]
[Black "Botea, David-Alexandru"]
[Result "1/2-1/2"]
[ECO "E19"]
[WhiteElo "1947"]
[BlackElo "2081"]
[Annotator "RC"]
[PlyCount "82"]
[EventDate "2024.02.24"]
[EventType "swiss"]
[EventCountry "ROU"]
[SourceTitle "playchess.com"]
[Source "ChessBase"]
[SourceQuality "1"]
[TimeControl "40/5400+30:900+30"]

1. d4 Nf6 2. c4 e6 3. Nf3 b6 4. g3 Bb7 5. Bg2 Be7 6. O-O O-O 7. Nc3 Ne4 8. Qc2 Nxc3 9. Qxc3 c5 10. Rd1 cxd4 11. Nxd4 Bxg2 12. Kxg2 Qc8 13. Bf4 Bf6 14. Qf3 Nc6 15. Nxc6 dxc6 16. Rd6 Bxb2 17. Rad1 Qe8 18. Qxc6 Qxc6+ 19. Rxc6 Rac8 20. Rxc8 Rxc8 21. Rd7 h5 22. Rxa7 Rxc4 23. Be3 Bd4 24. Bxd4 Rxd4 25. Rb7 Ra4 26. Rxb6 Rxa2 27. Kf3 Kh7 28. h4 Ra5 29. e3 g5 30. hxg5 Rxg5 31. Rb4 Kg6 32. Ra4 Rf5+ 33. Kg2 Rb5 34. f4 e5 35. Kf3 exf4 36. gxf4 Rb1 37. Ra8 f5 38. Rg8+ Kf6 39. Rh8 Kg6 40. Rg8+ Kf6 41. Rh8 Kg6 1/2-1/2

[Event "Romanian Championship 2024"]
[Site "Eforie Nord"]
[Date "2024.02.28"]
[Round "6.22"]
[White "Craciun, Sasha-Matei"]
[Black "Armenciu, Bogdan-Ovidiu"]
[Result "1/2-1/2"]
[ECO "B07"]
[WhiteElo "2080"]
[BlackElo "1936"]
[Annotator "RC"]
[PlyCount "95"]
[EventDate "2024.02.24"]
[EventType "swiss"]
[EventCountry "ROU"]
[SourceTitle "playchess.com"]
[Source "ChessBase"]
[SourceQuality "1"]
[TimeControl "40/5400+30:900+30"]

1. e4 d6 2. d4 Nf6 3. Nc3 g6 4. g3 Bg7 5. Bg2 O-O 6. Nge2 c6 7. a4 d5 8. e5 Ne8 9. O-O f6 10. exf6 exf6 11. Nf4 Nd6 12. Re1 Re8 13. b3 Na6 14. Ba3 Nc7 15. Rxe8+ Ndxe8 16. Qe2 g5 17. Be7 Qd7 18. Bh3 f5 19. Bxg5 Bxd4 20. Qd2 Qg7 21. Nfe2 Be5 22. Bf4 Ne6 23. Bxe5 Qxe5 24. Re1 Nd6 25. f3 Bd7 26. Nd1 Re8 27. Kf2 Nc5 28. Qd4 Qxd4+ 29. Nxd4 Rxe1 30. Kxe1 Kf7 31. Kd2 Kf6 32. Bf1 a5 33. Ke3 Ne6 34. Nb2 c5 35. Nxe6 Bxe6 36. Kf4 b6 37. g4 fxg4 38. fxg4 h6 39. h4 c4 40. g5+ hxg5+ 41. hxg5+ Ke7 42. bxc4 dxc4 43. c3 b5 44. axb5 Nxb5 45. Nxc4 a4 46. Ke5 a3 47. Nxa3 Nxa3 48. Bd3 1/2-1/2

[Event "Romanian Championship 2024"]
[Site "Eforie Nord"]
[Date "2024.02.28"]
[Round "6.23"]
[White "Cruceru-Uceanu, Tudor-Mihai"]
[Black "Mintau, Andrei-Catalin"]
[Result "1/2-1/2"]
[ECO "B33"]
[WhiteElo "1894"]
[BlackElo "2039"]
[Annotator "RC"]
[PlyCount "96"]
[EventDate "2024.02.24"]
[EventType "swiss"]
[EventCountry "ROU"]
[SourceTitle "playchess.com"]
[Source "ChessBase"]
[SourceQuality "1"]
[TimeControl "40/5400+30:900+30"]

1. e4 c5 2. Nf3 Nc6 3. d4 cxd4 4. Nxd4 Nf6 5. Nc3 e5 6. Ndb5 d6 7. Bg5 a6 8. Na3 b5 9. Nd5 Be7 10. Bxf6 Bxf6 11. c3 O-O 12. Nc2 Rb8 13. Be2 Bg5 14. Nce3 Kh8 15. O-O Ne7 16. b3 Bxe3 17. Nxe3 f5 18. Bf3 f4 19. Nd5 Nc6 20. Qd3 g5 21. Qe2 b4 22. Nxb4 Nxb4 23. cxb4 Rxb4 24. h3 a5 25. Rfd1 Qb6 26. Qd2 Bb7 27. Qxd6 Qxd6 28. Rxd6 Re8 29. Rd7 Bxe4 30. a3 Rd4 31. Bxe4 Rxd7 32. Bc6 Red8 33. Bxd7 Rxd7 34. Rb1 Rb7 35. b4 axb4 36. axb4 Rb5 37. f3 Kg7 38. Kf1 Kf6 39. Ke2 Ke6 40. Kd3 Kd5 41. Kc3 e4 42. fxe4+ Kxe4 43. Kc4 Rb8 44. Re1+ Kf5 45. b5 h5 46. Rb1 g4 47. hxg4+ hxg4 48. Kc5 f3 1/2-1/2

[Event "Romanian Championship 2024"]
[Site "Eforie Nord"]
[Date "2024.02.29"]
[Round "7.1"]
[White "Gavrilescu, David"]
[Black "Lupulescu, Constantin"]
[Result "1/2-1/2"]
[ECO "E05"]
[WhiteElo "2523"]
[BlackElo "2589"]
[Annotator "TA"]
[PlyCount "45"]
[EventDate "2024.02.24"]
[EventType "swiss"]
[EventCountry "ROU"]
[SourceTitle "playchess.com"]
[Source "ChessBase"]
[SourceQuality "1"]
[TimeControl "40/5400+30:900+30"]

1. Nf3 d5 2. g3 Nf6 3. Bg2 e6 4. O-O Be7 5. c4 O-O 6. d4 dxc4 7. Qc2 b5 8. a4 b4 9. Nfd2 ({Much weaker is} 9. Qxc4 Ba6 10. Qc2 Nbd7) 9... Nd5 10. Nxc4 {[%emt 0:00:29] The position is equal.} ({Of course not} 10. Qxc4 Ba6 11. Qc2 c5 $17 (11... Bxe2 12. Re1 $15)) 10... c5 11. dxc5 Bxc5 12. e4 Nb6 13. Ncd2 N8d7 {[%emt 0:01:41] Strongly threatening ...Ba6.} 14. a5 $1 Ba6 {[%emt 0:02:30][%cal Oa8c8] ...Rc8! is the strong threat.} 15. axb6 Rc8 $1 {[%cal Oc5f2] [#]} 16. Qd1 $1 Qxb6 {[%emt 0:00:52] [#]} 17. Nb3 $1 {[%emt 0:00:00] Hoping for Nxc5.} Bxf1 18. Qxf1 h6 19. Nxc5 Qxc5 20. Nd2 Nb6 21. Nb3 Qc2 22. Nd4 Qc5 {[%emt 0:00:53] [#]} 23. Nb3 {[%emt 0:00:00] Weighted Error Value: White=0.00 (flawless) /Black=0.04 (flawless) .  Mistake:       	White=1     	---        Inaccurate:     	---       	Black=1      OK:         	White=7     	Black=6      Best:        	White=2     	Black=1      Strong:       	White=3     	Black=1} (23. Nb5 $1 $16) 1/2-1/2

[Event "Romanian Championship 2024"]
[Site "Eforie Nord"]
[Date "2024.02.29"]
[Round "7.2"]
[White "Manolache, Marius"]
[Black "Parligras, Mircea-Emilian"]
[Result "0-1"]
[ECO "D02"]
[WhiteElo "2387"]
[BlackElo "2539"]
[Annotator "TA"]
[PlyCount "80"]
[EventDate "2024.02.24"]
[EventType "swiss"]
[EventCountry "ROU"]
[SourceTitle "playchess.com"]
[Source "ChessBase"]
[SourceQuality "1"]
[TimeControl "40/5400+30:900+30"]

1. d4 Nf6 2. Nf3 d5 3. Bf4 c5 4. e3 Nc6 5. Nbd2 e6 6. c3 cxd4 7. exd4 Nh5 8. Be3 Bd6 9. Bb5 {[%emt 0:08:18] White has an edge.} Bd7 10. O-O O-O 11. Nb3 Nf6 12. Bg5 Qc7 13. Bxf6 gxf6 14. Re1 Kh8 15. Nc5 Rg8 16. Nxd7 Qxd7 17. g3 Rg7 18. Kh1 Rag8 19. Rc1 a6 20. Bf1 Bb8 21. Bg2 f5 22. Rc2 f4 23. Rce2 Qd8 24. Qd3 {[%emt 0:01:00] [#]} (24. Qd2 $11 {is superior.}) 24... Qf6 $1 $17 {[%emt 0:00:00] Black keeps a firm grip on the game.} 25. b4 (25. c4 $17 {was the only chance.}) 25... Qh6 $19 26. Kg1 Ne7 27. Ne5 f6 28. Nf3 fxg3 29. fxg3 {[%emt 0:02:30] [#]} Bxg3 30. hxg3 Rxg3 31. Qd2 Qh5 {[%emt 0:00:00][%mdl 1024] Black has strong compensation.} 32. Nh2 Nf5 33. Kh1 $2 (33. Rf2 Nh4 34. Ree2) 33... R3g6 {[%emt 0:00:00] Black is clearly winning.} 34. Rf2 Rh6 35. Bf3 Ng3+ 36. Kg1 Ne4+ 37. Kh1 {[%emt 0:00:07] Black must now prevent Rxe4.} Qxf3+ (37... Nxf2+ 38. Qxf2 Qg5 39. Rg1 $19 (39. Rxe6 {leads to mate.} Rxh2+ 40. Qxh2 Qc1+)) 38. Rxf3 Nxd2 39. Rf2 Ne4 40. Rg2 Rhg6 {[%emt 0:00:00] Weighted Error Value: White=0.24 (precise) /Black=0.06 (flawless) .  Mistake:       	White=3     	---        Inaccurate:     	White=2     	Black=1      OK:         	White=11    	Black=18     Best:        	White=5     	Black=1      Strong:       	---       	Black=1      Brilliant:      	---       	Black=1} 0-1

[Event "Romanian Championship 2024"]
[Site "Eforie Nord"]
[Date "2024.02.29"]
[Round "7.3"]
[White "Ilinca, Felix-Antonio"]
[Black "Ghimpu, Samuel-Timotei"]
[Result "1/2-1/2"]
[ECO "B12"]
[WhiteElo "2415"]
[BlackElo "2467"]
[Annotator "TA"]
[PlyCount "39"]
[EventDate "2024.02.24"]
[EventType "swiss"]
[EventCountry "ROU"]
[SourceTitle "playchess.com"]
[Source "ChessBase"]
[SourceQuality "1"]
[TimeControl "40/5400+30:900+30"]

1. e4 c6 2. d4 d5 3. e5 Bf5 4. h4 h6 5. g4 Be4 6. f3 Bh7 7. e6 Qd6 8. exf7+ Kxf7 9. f4 Nf6 10. Nf3 Nxg4 11. Bh3 h5 12. Bxg4 (12. Ne5+ $11 Kg8 13. Nxg4 hxg4 14. Qxg4 Bxc2 15. Qe6+ Kh7 (15... Qxe6+ 16. Bxe6+ Kh7 17. Rh2 $11) 16. Rh2 Qxe6+ 17. Bxe6) 12... hxg4 $15 13. Ne5+ {[%emt 0:01:06] [#]} Ke8 ({Black should try} 13... Kg8 $1 $17 {Strongly threatening ...Be4.} 14. Qxg4 (14. Nxg4 Bf5 $17) 14... e6) 14. Qxg4 $14 {[%emt 0:01:24] Qc8+ would now be deadly.} Be4 {[%emt 0:02:04][%cal Oe7e6] [#]} 15. Nc3 $1 {[%emt 0:23:27] A dynamic duo of knights.} Bxh1 $11 {[%emt 0:08:12] The position is equal.} 16. Qc8+ Qd8 17. Qe6 {[%emt 0:01:55][%csl Ge5][%cal Re6f7] Really sharp!} Qd6 $1 ({Worse is} 17... Rxh4 18. Qg6#) 18. Qc8+ Qd8 19. Qe6 Qd6 $1 ({Not} 19... Rxh4 20. Qg6#) 20. Qc8+ {[%emt 0:00:58] Weighted Error Value: White=0.14 (very precise) /Black=0.21 (precise) .  Mistake:       	White=2     	Black=1      OK:         	White=5     	Black=3      Best:        	White=2     	Black=1      Strong:       	---       	Black=2} 1/2-1/2

[Event "Romanian Championship 2024"]
[Site "Eforie Nord"]
[Date "2024.02.29"]
[Round "7.4"]
[White "Cosma, Ioan"]
[Black "Ognean, Mihnea-Ionut"]
[Result "0-1"]
[ECO "E01"]
[WhiteElo "2316"]
[BlackElo "2382"]
[Annotator "TA"]
[PlyCount "94"]
[EventDate "2024.02.24"]
[EventType "swiss"]
[EventCountry "ROU"]
[SourceTitle "playchess.com"]
[Source "ChessBase"]
[SourceQuality "1"]
[TimeControl "40/5400+30:900+30"]

1. Nf3 d5 2. g3 c5 3. Bg2 Nc6 4. d4 cxd4 5. Nxd4 e6 6. O-O Bc5 7. Nxc6 bxc6 8. c4 Nf6 9. Qa4 Bd7 10. Qc2 {[%emt 0:01:27] aiming for cxd5.} Qe7 11. Bg5 {[%emt 0:10:57] The position is equal.} O-O (11... Rc8 $11) 12. Nc3 (12. e4 $14 dxe4 13. Nc3) 12... Bb6 13. Rad1 h6 14. Bxf6 Qxf6 15. cxd5 exd5 16. e4 Bg4 17. Rc1 dxe4 18. Qxe4 Be6 19. Qxc6 Rad8 20. b3 Qg5 21. Ne4 Qa5 {[%emt 0:04:22][%mdl 1024] Black has compensation.} 22. Qc2 Rd4 23. Qb2 (23. Rfd1 $11) 23... Rfd8 $15 24. Qe2 Qe5 (24... Bc8 $5 25. Rfe1 Bb7 26. Nf6+ gxf6 27. Bxb7 Rd2 28. Qg4+ Qg5 29. Qxg5+ fxg5 $17) 25. Nc3 Qxe2 26. Nxe2 Rd2 27. Nf4 Rxa2 28. Nxe6 fxe6 29. Bh3 Kf7 30. Rc6 e5 31. Rc3 Rdd2 32. Rf3+ Ke7 33. Bf5 g5 34. g4 (34. h4 $15 {should be considered.}) 34... Kd6 $17 35. Rd3+ Rxd3 36. Bxd3 {[%emt 0:00:06][%mdl 4096] Endgame. KRB-KRB} Kd5 37. Kg2 {[%emt 0:02:23] [#]} e4 $1 38. Bc4+ Ke5 {[%emt 0:00:35] Black has more active pieces.} 39. Kg3 Rc2 40. f3 $2 {[%emt 0:00:00][%mdl 8192] [#] White does not recover from this.} (40. Bf7 $17) 40... e3 $1 $19 41. f4+ (41. Bd3 $142 Rd2 42. Bb5) 41... gxf4+ (41... Ke4 $142 {[%cal Oc2c4] ...Rxc4! would now be deadly.} 42. Ba6 e2 43. Bb7+ Ke3) 42. Rxf4 e2 43. Rf5+ Ke4 44. Rf4+ Ke3 45. Rf3+ Kd2 46. Bxe2 Kxe2 47. Rf6 (47. Kf4 $142) 47... Be3 {[%emt 0:01:02] Weighted Error Value: White=0.49/Black=0.20 (precise) .  Loses game:     	White=1     	---        Mistake:       	White=5     	Black=3      Inaccurate:     	White=1     	Black=2      OK:         	White=13    	Black=21     Best:        	White=2     	Black=2      Strong:       	---       	Black=2} (47... Bc7+ $142 48. Kh4 Bd8 (48... Bxh2 $2 49. Rxh6 Kf3 50. Rf6+ Bf4 51. Kh5 $19)) 0-1

[Event "Romanian Championship 2024"]
[Site "Eforie Nord"]
[Date "2024.02.29"]
[Round "7.5"]
[White "Serban, Cristian-Stefan"]
[Black "Cnejev, Vladimir-Alexandru"]
[Result "0-1"]
[ECO "E09"]
[WhiteElo "2309"]
[BlackElo "2311"]
[Annotator "RC"]
[PlyCount "158"]
[EventDate "2024.02.24"]
[EventType "swiss"]
[EventCountry "ROU"]
[SourceTitle "playchess.com"]
[Source "ChessBase"]
[SourceQuality "1"]
[TimeControl "40/5400+30:900+30"]

1. d4 d5 2. c4 e6 3. Nf3 Nf6 4. g3 Be7 5. Bg2 O-O 6. O-O c6 7. Qc2 b6 8. Rd1 Nbd7 9. b3 Ba6 10. Nbd2 Rc8 11. e4 h6 12. e5 Nh7 13. h4 Qc7 14. Bb2 Rfd8 15. Rac1 Qb8 16. Qb1 Nhf8 17. Nf1 Bb7 18. Ne3 a5 19. Nh2 Qa8 20. f4 c5 21. cxd5 cxd4 22. Rxc8 Rxc8 23. Bxd4 exd5 24. f5 Bc5 25. Qb2 Qb8 26. Nf3 Bxd4 27. Qxd4 Re8 28. f6 Ne6 29. Qd2 Nxe5 30. Nxe5 Qxe5 31. fxg7 Nxg7 32. Ng4 Qe6 33. Qd4 Nf5 34. Qf4 Kg7 35. Bh3 Bc8 36. Rf1 Qd6 37. Qxd6 Nxd6 38. Rd1 h5 39. Nf2 Re5 40. Nd3 Re3 41. Bxc8 Nxc8 42. Kf2 d4 43. Nf4 Rc3 44. Rxd4 Rc2+ 45. Kf3 Rxa2 46. Rc4 Ne7 47. Nxh5+ Kh6 48. Nf4 Ra3 49. Rc7 Rxb3+ 50. Kg4 Ng6 51. Nd5 Rb5 52. Ne3 Ne5+ 53. Kf4 Kg7 54. Kg5 Nf3+ 55. Kg4 Ne5+ 56. Kg5 Nf3+ 57. Kg4 Nd4 58. Rd7 Rb3 59. Nd5 Ne2 60. Nc7 Rxg3+ 61. Kf5 Rf3+ 62. Ke4 Rh3 63. Ne6+ Kf6 64. Nd8 Nc3+ 65. Kf4 Rxh4+ 66. Kg3 Rc4 67. Rxf7+ Ke5 68. Kf3 a4 69. Ra7 b5 70. Ke3 Nd5+ 71. Kd2 Rc8 72. Nf7+ Ke6 73. Ng5+ Kd6 74. Ne4+ Ke5 75. Nf2 Kd4 76. Nd3 Rh8 77. Nb2 Rh2+ 78. Kc1 Kc3 79. Rd7 Rc2+ 0-1